 Dungeon Crawl Stone Soup version 0.21-a0-417-g0adc95b (webtiles) character file.

33 slep the Skirmisher (level 3, 0/29 HPs)
             Began as a Demonspawn Fighter on Nov 4, 2017.
             Succumbed to an adder's poison
             ... on level 2 of the Dungeon.
             The game lasted 00:04:05 (867 turns).

slep the Skirmisher (Demonspawn Fighter)             Turns: 867, Time: 00:04:05

Health: 0/29       AC:  7    Str: 16    XL:     3   Next: 12%
Magic:  3/3        EV:  7    Int:  9    God:
Gold:   29         SH:  9    Dex: 13    Spells: 2/2 levels left

rFire    . . .     SeeInvis .   a - +0 long sword
rCold    . . .     Gourm    .   c - +0 shield
rNeg     . . .     Faith    .   b - +0 scale mail
rPois    .         Spirit   .   (no helmet)
rElec    .         Reflect  .   (no cloak)
rCorr    .         Harm     .   (no gloves)
MR       .....                  k - +0 pair of boots
Stlth    +.........             n - amulet of inaccuracy (curse)
HPRegen  0.09/turn              (no ring)
MPRegen  0.08/turn              (no ring)

@: lethally poisoned (0 -> -2)
A: nightstalker 1
a: no special abilities


You were on level 2 of the Dungeon.
You were not hungry.

You visited 1 branch of the dungeon, and saw 2 of its levels.

You collected 29 gold pieces.

Inventory:

Hand Weapons
 a - a +0 long sword (weapon)
Missiles
 j - 32 arrows
Armour
 b - a +0 scale mail (worn)
 c - a +0 shield (worn)
 k - a +0 pair of boots (worn)
Jewellery
 n - a cursed amulet of inaccuracy (around neck)
Scrolls
 e - 5 scrolls of identify {unknown}
 h - 2 scrolls of teleportation {unknown}
 m - a scroll of enchant armour {unknown}
Potions
 d - a potion of might
 i - a potion of lignification {unknown}
Comestibles
 f - 2 bread rations
 g - a chunk of flesh
 l - a royal jelly


   Skills:
 + Level 3.4 Fighting
 + Level 2.3 Long Blades
 + Level 2.9 Armour
 + Level 0.2 Dodging
 + Level 2.9 Shields


You had 2 spell levels left.
You didn't know any spells.

Dungeon Overview and Level Annotations

Branches:
Dungeon (2/15)

Altars:


Innate Abilities, Weirdness & Mutations

You are slightly more attuned to the shadows.


Message History

The adder is moderately wounded.
You block the jackal's attack. The adder bites you.
* * * LOW HITPOINT WARNING * * *
You block the jackal's attack.
You miss the adder.
The adder is moderately wounded.
The adder bites you.
* * * LOW HITPOINT WARNING * * *
The jackal bites you.
* * * LOW HITPOINT WARNING * * *
The adder barely misses you.
You riposte.
You slash the adder!
You kill the adder!
You have reached level 3!
Your experience leads to an increase in your attributes!
Increase (S)trength, (I)ntelligence, or (D)exterity?
You feel agile. You block the jackal's attack.
You hit the jackal.
The jackal is almost dead.
You die...

##<....##
###.......
#....#####
######.##...#
##...##...##..#
##..........##...
#[...............
#.....h†.....####
#.(...@......#
##..........##
##...##...##
##### ####


You could see a jackal.

Vanquished Creatures
  An adder (D:2)
  A giant cockroach (D:1)
  2 goblins (D:1)
  A hobgoblin (D:1)
  2 jackals (D:2)
  A bat (D:1)
  A frilled lizard (D:1)
  9 kobolds (D:1)
  8 rats (D:1)
26 creatures vanquished.

Vanquished Creatures (others)
  A plant (D:1)
1 creature vanquished.

Grand Total: 27 creatures vanquished

Notes
Turn   | Place    | Note
-------+----------+-------------------------------------------
     0 | D:1      | slep the Demonspawn Fighter began the quest for the Orb.
     0 | D:1      | Reached XP level 1. HP: 18/18 MP: 1/1
   168 | D:1      | Gained mutation: You are slightly more attuned to the shadows. [demonic ancestry]
   168 | D:1      | Reached XP level 2. HP: 18/24 MP: 2/2
   866 | D:2      | HP: 1/24 [jackal (1)]
   866 | D:2      | Reached XP level 3. HP: 1/29 MP: 3/3
   867 | D:2      | Succumbed to an adder's poison

Vault maps used:
D:1:      elethiomel_arrival_infinity_welcomes_careful_drivers,
          lexackson_kobold_supper
D:2:      nicolae_gozag_seed_capital, nicolae_ru_awakened_eye

Skill      XL: |  1  2 |
---------------+-------+-----
Long Blades    | 2 |  2.3
Fighting       | |  3.4
Armour         | |  2.9
Dodging        | |  0.2
Shields        | |  2.9

Action                   || total
-------------------------++-------
Melee: Long sword        ||   102
Armor: Scale mail        ||    53
Dodge: Dodged            ||    45
Block: Shield            ||    49
       Rpst.: Long sword ||    16

Table legend:
 A = Spawn XP
 B = Non-spawn XP
 C = Spawn XP percentage of total XP
 D = Spawn monster count
 E = Non-spawn monster count
 F = Spawn count percentage of total count
 G = Total turns spent on level
                    A         B        C        D         E        F      G
               +---------+---------+-------+---------+---------+-------+---------
         Total |       0 |      48 |   0.0 |       0 |      26 |   0.0 |   867
               +---------+---------+-------+---------+---------+-------+---------
           D:1 |       0 |      31 |   0.0 |       0 |      23 |   0.0 |   826
           D:2 |       0 |      17 |   0.0 |       0 |       3 |   0.0 |    41
               +---------+---------+-------+---------+---------+-------+---------
